 Dungeon Sprint DCSS version 0.29-a0-344-ge2f44be95a (webtiles) character file.

Game seed: 4359856006580125345

21408 mhtbhm the Shatterer (level 12, -7/136 HPs)
             Began as a Minotaur Berserker on Apr 22, 2022.
             Was the Champion of Trog.
             Mangled by a flayed ghost (11 damage)
             ... in the Dungeon (Sprint IX: "|||||||||||||||||||||||||||||").
             The game lasted 00:05:17 (2885 turns).

mhtbhm the Shatterer (Minotaur Berserker)           Turns: 2885, Time: 00:05:18

Health: -7/136     AC: 26    Str: 25    XL:     12   Next: 53%
Magic:  11/11      EV: 14    Int:  4    God:    Trog [******]
Gold:   1540       SH:  0    Dex: 10    Spells: 11/11 levels left

rFire   + + +      SeeInvis .   a - +2 dire flail "Woanetz" {vorpal, rPois rF+++ rC+ Str-2}
rCold   + . .      Faith    .   (shield currently unavailable)
rNeg    . . .      Spirit   .   b - +0 shadow dragon scales
rPois   +          Reflect  .   (helmet restricted)
rElec   .          Harm     .   v - +1 cloak
rCorr   .          Rampage  .   l - +1 pair of gloves
Will    .....      NoTele   +   u - +0 pair of boots
Stlth   +++.......              (no amulet)
HPRegen 0.32/turn               A - ring of protection from fire
MPRegen 0.12/turn               k - +2 ring of evasion

@: flayed, on berserk cooldown, slowed, very slow
A: horns 2, retaliatory headbutt
a: Renounce Religion, Berserk, Trog's Hand, Brothers in Arms


You were in the Dungeon.
You worshipped Trog.
Trog was exalted by your worship.
You visited 1 branch You collected 1916 gold pieces.
You spent 376 gold pieces at shops.

Inventory:

Hand Weapons
 a - the +2 dire flail "Woanetz" (weapon) {vorpal, rPois rF+++ rC+ Str-2}
   (You found it in the Dungeon)

   It inflicts extra damage upon your enemies.
   Str:       It affects your strength (-2).
   rF:        It renders you almost immune to fire.
   rC:        It protects you from cold.
   rPois:     It protects you from poison.
 s - the +8 frozen axe "Frostbite" {freezing cloud, *Noise Fly rC+}
   (Trog gifted it to you in the Dungeon)

   It freezes those it strikes, dealing additional cold damage.
   It can also slow down cold-blooded creatures.
   It occasionally leaves clouds of freezing vapour upon striking a foe.
   It grants immunity to clouds of freezing vapour.
   rC:        It protects you from cold.
   Fly:       It grants you flight.
   *Noise:    It may make noises in combat.
 w - the +10 arbalest of Dissent {flame, Dex+4}
   (You bought it in a shop in the Dungeon)

   Any ammunition fired from it burns those it strikes, dealing additional fire
   damage.
   Dex:       It affects your dexterity (+4).
Armour
 b - +0 shadow dragon scales (worn)
 l - a +1 pair of gloves (worn)
 u - a +0 pair of boots (worn)
 v - a +1 cloak (worn)
 B - a +2 buckler of reflection
Jewellery
 k - a +2 ring of evasion (right hand)
 y - a ring of fire
 z - a ring of poison resistance
 A - a ring of protection from fire (left hand)
Wands
 j - a wand of acid (1)
Scrolls
 n - 4 scrolls of identify
 o - 6 scrolls of enchant armour
 q - 4 scrolls of enchant weapon
 r - a scroll of fear
 t - a scroll of magic mapping
 x - 2 scrolls of fog
Potions
 c - 5 potions of curing
 d - 6 potions of heal wounds
 e - 4 potions of haste
 f - 4 potions of magic
 g - 3 potions of berserk rage
 i - a potion of invisibility
 m - a potion of might
 p - a potion of mutation


   Skills:
 + Level 21.5 Fighting
 - Level 7.7(17.5) Axes
 * Level 23.9(24.3) Maces & Flails
 + Level 16.4 Armour
 + Level 10.6 Dodging
 + Level 2.6 Stealth
 + Level 4.0 Evocations


You had 11 spell levels left.
You didn't know any spells.
Your spell library was empty.

Dungeon Overview and Level Annotations

Branches:
Dungeon (1/1)

Altars:
Cheibriados
Dithmenos
Elyvilon
Fedhas
Gozag
Hepliaklqana
Kikubaaqudgha
Makhleb
Nemelex Xobeh
Okawaru
Qazlal
Ru
Sif Muna
Trog
Uskayaw
Vehumet
Wu Jian
Xom
Yredelemnul
Zin
The Shining One
Beogh
Jiyva
Lugonu

Shops:
D :(*[


Innate Abilities, Weirdness & Mutations

You have a pair of horns on your head.
You reflexively headbutt those who attack you in melee.


Message History

You attempt to attack the glowing orange brain, but flinch away in fear!
You impale the glowing orange brain!!
You are no longer terrified.
You kill the glowing orange brain!
Trog accepts your kill.
The frilled lizard dissolves into shadows!
Your Evocations skill increases to level 4!
You hit the flayed ghost.
The flayed ghost is lightly damaged.
The flayed ghost stares at you with tortured malice.
Terrible wounds spread across more of your body!
* * * LOW HITPOINT WARNING * * *
You bump into the unnaturally hard rock wall.
The flayed ghost hits you but does no damage.
You're too confused to move!
The flayed ghost hits you.
* * * LOW HITPOINT WARNING * * *
The flayed ghost hits you!
* * * LOW HITPOINT WARNING * * *
Unknown command.
You feel better.
The flayed ghost cries, "Suffer as I suffered!"
Terrible wounds spread across more of your body!
* * * LOW HITPOINT WARNING * * *
You miss the flayed ghost.
The flayed ghost is lightly damaged.
The flayed ghost misses you. You furiously retaliate!
You headbutt the flayed ghost. You closely miss the flayed ghost.
The flayed ghost is lightly damaged.
The flayed ghost hits you!
* * * LOW HITPOINT WARNING * * *
You hit the flayed ghost. Your headbutt misses the flayed ghost.
The flayed ghost is lightly damaged.
The flayed ghost barely misses you. You furiously retaliate!
You headbutt the flayed ghost!
Unknown command.
You thump the flayed ghost! You headbutt the flayed ghost.
The flayed ghost is heavily damaged.
The flayed ghost hits you!
You die...

▓.▓.▓.▓.▓∩▓.▓)▓
▓.▓.▓.▓.▓.▓.▓†▓
▓[▓.▓.▓.▓∩▓.▓)▓
▓)▓.▓†▓.▓.▓.▓†▓
▓)▓.▓†▓.▓)▓.▓)▓
▓?▓.▓†▓.▓)▓.▓(▓
▓.▓.▓†▓.▓)▓.▓)▓
▓'▓.▓†▓.▓)▓.▓W▓
▓_▓.▓.▓.▓)▓.▓@▓
▓_▓.▓.▓.▓.▓.▓.▓
▓_▓.▓.▓.▓.▓.▓.▓
▓_▓.▓.▓.▓.▓.▓.▓
▓_▓.▓†▓.▓.▓.▓.▓
▓_▓.▓)▓.▓.▓.▓.▓
▓_▓.▓.▓.▓.▓.▓.▓
▓_▓.▓†▓.▓)▓.▓.▓
▓_▓.▓†▓.▓)▓.▓.▓


You could see a flayed ghost.

Vanquished Creatures
  A lich (D)
  2 stone giants (D)
  An ogre mage (D)
  3 hydras (D)
  A centaur warrior (D)
  An ice dragon (D)
  A two-headed ogre (D)
  A skeletal warrior (D)
  A glowing orange brain (shapeshifter) (D)
  A glowing orange brain (D)
  9 orc knights (D)
  2 orc sorcerers (D)
  2 ugly things (D)
  2 cyclopes (D)
  A manticore (D)
  A manticore (shapeshifter) (D)
  2 cane toads (D)
  A rime drake (D)
  2 komodo dragons (D)
  A yaktaur (D)
  A kobold demonologist (D)
  A troll (D)
  3 polar bears (D)
  A slime creature (D)
  A yak (D)
  2 basilisks (D)
  2 wyverns (D)
  A vampire mosquito (D)
  4 water moccasins (D)
  10 orc warriors (D)
  5 black bears (D)
  3 bullfrogs (D)
  A scorpion (D)
  A wight (D)
  A howler monkey (D)
  4 orc priests (D)
  An iguana (D)
  6 orc wizards (D)
  A white imp (D)
  A dart slug (D)
  6 orcs (D)
  A ball python (D)
  A bat (D)
  A hobgoblin (D)
  A quokka (D)
  A kobold (D)
  A rat (D)
98 creatures vanquished.

Vanquished Creatures (others)
  2 orcs (D)
2 creatures vanquished.

Grand Total: 100 creatures vanquished

Notes
Turn   | Place    | Note
-------+----------+-------------------------------------------
     0 | D        | mhtbhm the Minotaur Berserker began the quest for the Orb.
     0 | D        | Reached XP level 1. HP: 19/19 MP: 0/0
    12 | D        | Reached ** piety under Trog
    84 | D        | Noticed an iguana
    84 | D        | Noticed a scorpion
    92 | D        | Reached skill level 5 in Fighting
    92 | D        | Reached skill level 5 in Axes
    92 | D        | Reached XP level 2. HP: 10/29 MP: 1/1
    92 | D        | Killed a scorpion
    92 | D        | Reached *** piety under Trog
    93 | D        | Reached XP level 3. HP: 14/39 MP: 2/2
    93 | D        | Reached XP level 4. HP: 17/47 MP: 3/3
   103 | D        | Found a snail-covered altar of Cheibriados.
   103 | D        | Found a shadowy altar of Dithmenos.
   103 | D        | Found a white marble altar of Elyvilon.
   103 | D        | Found a blossoming altar of Fedhas.
   103 | D        | Found an opulent altar of Gozag.
   104 | D        | Found a hazy altar of Hepliaklqana.
   105 | D        | Found a viscous altar of Jiyva.
   106 | D        | Found an ancient bone altar of Kikubaaqudgha.
   107 | D        | Found a corrupted altar of Lugonu.
   108 | D        | Found a burning altar of Makhleb.
   109 | D        | Found a sparkling altar of Nemelex Xobeh.
   110 | D        | Found an iron altar of Okawaru.
   111 | D        | Found a stormy altar of Qazlal.
   112 | D        | Found a sacrificial altar of Ru.
   113 | D        | Found a shimmering blue altar of Sif Muna.
   114 | D        | Found a bloodstained altar of Trog.
   115 | D        | Found a hide-covered altar of Uskayaw.
   116 | D        | Found a radiant altar of Vehumet.
   117 | D        | Found an ornate altar of the Wu Jian Council.
   118 | D        | Found a shimmering altar of Xom.
   119 | D        | Found a basalt altar of Yredelemnul.
   120 | D        | Found a glowing silver altar of Zin.
   121 | D        | Found a glowing golden altar of the Shining One.
   322 | D        | Got the +2 dire flail "Woanetz" {vorpal, rPois rF+++ rC+
                  | Str-2}
   356 | D        | Noticed a two-headed ogre
   356 | D        | Noticed a wyvern
   356 | D        | Noticed a kobold demonologist
   360 | D        | Killed a kobold demonologist
   360 | D        | Reached **** piety under Trog
   361 | D        | Reached skill level 6 in Maces & Flails
   361 | D        | Reached skill level 5 in Armour
   361 | D        | Reached skill level 5 in Dodging
   361 | D        | Reached XP level 5. HP: 60/60 MP: 4/4
   361 | D        | Reached XP level 6. HP: 68/68 MP: 5/5
   365 | D        | Killed a wyvern
   366 | D        | Reached skill level 7 in Maces & Flails
   366 | D        | Reached XP level 7. HP: 77/77 MP: 6/6
   382 | D        | Killed a two-headed ogre
   382 | D        | Reached ***** piety under Trog
   383 | D        | Reached skill level 9 in Maces & Flails
   383 | D        | Reached skill level 1 in Stealth
   383 | D        | Reached skill level 1 in Evocations
   383 | D        | Reached XP level 8. HP: 16/89 MP: 7/7
   667 | D        | Noticed a troll
   667 | D        | Noticed a slime creature
   667 | D        | Noticed a skeletal warrior
   667 | D        | Noticed a cyclops
   667 | D        | Noticed a white ugly thing
   674 | D        | Killed a white ugly thing
   675 | D        | Reached skill level 15 in Fighting
   675 | D        | Reached skill level 10 in Maces & Flails
   677 | D        | Killed a cyclops
   678 | D        | Reached skill level 11 in Maces & Flails
   685 | D        | Killed a skeletal warrior
   686 | D        | Reached skill level 12 in Maces & Flails
   686 | D        | Reached XP level 9. HP: 93/100 MP: 8/8
   690 | D        | Reached skill level 13 in Maces & Flails
   694 | D        | Killed a troll
   694 | D        | Received a gift from Trog
  1023 | D        | Noticed a cane toad
  1023 | D        | Noticed a komodo dragon
  1023 | D        | Noticed a komodo dragon
  1029 | D        | Killed a komodo dragon
  1030 | D        | Reached skill level 10 in Armour
  1033 | D        | Reached skill level 14 in Maces & Flails
  1038 | D        | Killed a komodo dragon
  1041 | D        | Killed a cane toad
  1042 | D        | Reached XP level 10. HP: 111/111 MP: 9/9
  1047 | D        | Reached skill level 15 in Maces & Flails
  1049 | D        | Reached ****** piety under Trog
  1057 | D        | Received a gift from Trog
  1057 | D        | Found the +8 frozen axe "Frostbite" {freezing cloud, *Noise
                  | Fly rC+}
  1159 | D        | Noticed a five-headed hydra
  1159 | D        | Noticed a five-headed hydra
  1164 | D        | Killed a five-headed hydra
  1165 | D        | Reached skill level 16 in Maces & Flails
  1172 | D        | Killed a five-headed hydra
  1173 | D        | Noticed a cane toad
  1177 | D        | Reached skill level 17 in Maces & Flails
  1187 | D        | Killed a cane toad
  1187 | D        | Received a gift from Trog
  1300 | D        | Reached skill level 18 in Maces & Flails
  1319 | D        | Reached XP level 11. HP: 100/121 MP: 10/10
  1494 | D        | Noticed an orc knight
  1499 | D        | Received a gift from Trog
  1507 | D        | Killed an orc knight
  1512 | D        | Noticed an orc knight
  1528 | D        | Killed an orc knight
  1529 | D        | Reached skill level 19 in Maces & Flails
  1529 | D        | Received a gift from Trog
  1544 | D        | Received a gift from Trog
  1714 | D        | Noticed an orc knight
  1714 | D        | Noticed an orc knight
  1719 | D        | Killed an orc knight
  1727 | D        | Killed an orc knight
  1728 | D        | Reached skill level 10 in Dodging
  1746 | D        | Received a gift from Trog
  1755 | D        | Reached skill level 20 in Maces & Flails
  1911 | D        | Found Reuvveuff's Antique Armour Boutique.
  1911 | D        | Noticed an orc knight
  1911 | D        | Noticed an orc sorcerer
  1916 | D        | Killed an orc sorcerer
  1917 | D        | Found Eskaem's General Store.
  1925 | D        | Killed an orc knight
  1934 | D        | Noticed an orc knight
  1937 | D        | Found Mego's Antique Weapon Boutique.
  1945 | D        | Killed an orc knight
  1948 | D        | Identified the +10 battleaxe of Dopok {flame, Dex+4} (Trog
                  | gifted it to you in the Dungeon)
  1948 | D        | Received a gift from Trog
  2284 | D        | Found Eniahuc's Book Shop.
  2287 | D        | Noticed an orc knight
  2288 | D        | Noticed an orc knight
  2289 | D        | Noticed an orc sorcerer
  2289 | D        | Noticed an orc knight
  2295 | D        | Killed an orc knight
  2300 | D        | Killed an orc knight
  2310 | D        | Killed an orc sorcerer
  2311 | D        | Reached skill level 21 in Maces & Flails
  2314 | D        | Killed an orc knight
  2530 | D        | Bought a +1 cloak for 126 gold pieces
  2541 | D        | Bought a transparent arbalest for 228 gold pieces
  2541 | D        | Identified the +10 arbalest of Dissent {flame, Dex+4} (You
                  | bought it in a shop in the Dungeon)
  2543 | D        | Bought a scroll of fog for 22 gold pieces
  2811 | D        | Noticed a four-headed hydra
  2811 | D        | Noticed a centaur warrior
  2811 | D        | Noticed an ogre mage
  2812 | D        | Noticed a purple ugly thing
  2816 | D        | Killed an ogre mage
  2816 | D        | Received a gift from Trog
  2820 | D        | Noticed an ice dragon
  2823 | D        | Noticed a lich
  2827 | D        | Reached skill level 22 in Maces & Flails
  2828 | D        | Killed a centaur warrior
  2829 | D        | Reached skill level 15 in Armour
  2829 | D        | Reached XP level 12. HP: 134/134 MP: 11/11
  2830 | D        | Killed a four-headed hydra
  2830 | D        | Noticed a stone giant
  2840 | D        | Killed a lich
  2843 | D        | Received a gift from Trog
  2843 | D        | Noticed a stone giant
  2844 | D        | Reached skill level 23 in Maces & Flails
  2848 | D        | Killed an ice dragon
  2849 | D        | Noticed a radroach
  2849 | D        | a wolf spider changed into a radroach
  2851 | D        | Noticed a bunyip
  2851 | D        | a radroach changed into a bunyip
  2858 | D        | Killed a stone giant
  2863 | D        | Noticed an anaconda
  2863 | D        | a bunyip changed into an anaconda
  2864 | D        | an anaconda changed into a glowing orange brain
  2870 | D        | Killed a stone giant
  2883 | D        | HP: 4/136 [flayed ghost (11)]
  2885 | D        | Mangled by a flayed ghost

Illustrated notes

Levels and vault maps discovered:
D:        linesprint [early_d, line_temple, items_1, d_10, items_2, lair_1,
          lair_end, items_3, orc_1, orc_end, items_4, d_15, swamp_1, shoals_1,
          snake_1, spider_1, d_20, vaults_1, items_5, swamp_end, shoals_end,
          snake_end, spider_end, vaults_end, d_27, items_6, zot_1, zot_end,
          crypt_end, forest_end, elf_end, slime_end, tomb_end, abyss_end,
          pan_hell_end]

Skill      XL: |  1  2  3  4  5  6  7  8  9 10 11 12 |
---------------+-------------------------------------+-----
Fighting       | 5 7 11 12 14 16 17 18 20 21 | 21.5
Axes           | 5 7 |  7.7
Armour         | 3 5 7 9 10 12 15 16 | 16.4
Dodging        | 3 5 6 7 8 9 10 | 10.6
Maces & Flails | 6 7 9 12 14 18 22 23 | 23.9
Stealth        | 1 2 |  2.6
Evocations     | 1 2 3 4 |  4.0

Action                   |  1- 3 |  4- 6 |  7- 9 | 10-12 || total
-------------------------+-------+-------+-------+-------++-------
Melee: Hand axe          |    18 |     5 |       |       ||    23
       Headbutt          |     1 |       |    16 |    51 ||    68
       Dire flail        |       |     6 |    59 |   234 ||   299
Invok: Berserk           |     1 |     1 |     2 |     6 ||    10
       Brothers in Arms  |       |       |       |     1 ||     1
Evoke: Wand              |       |       |     4 |     5 ||     9
  Use: Scroll            |       |       |     1 |     1 ||     2
       Potion            |       |       |       |     2 ||     2
Armor: Animal skin       |     1 |       |       |       ||     1
       Chain mail        |       |     3 |    16 |    47 ||    66
       Shadow dragon sca |       |       |       |     8 ||     8
Dodge: Dodged            |     9 |     5 |    22 |    87 ||   123

Table legend: (Time is in decaauts)
 A = Elapsed time spent in this place.
 B = Non-inter-level travel time spent in this place.
 C = Inter-level travel time spent in this place.
 D = Time resting spent in this place.
 E = Time spent auto-exploring this place.
 F = Levels seen in this place.
 G = Mean time per level.
                   A        B        C        D        E       F      G
               +--------+--------+--------+--------+--------+-----+--------+
         Total |   2844 |   2844 |      0 |   1728 |    229 |   1 | 2844.0 |
       Dungeon |   2844 |   2844 |      0 |   1728 |    229 |   1 | 2844.0 |
               +--------+--------+--------+--------+--------+-----+--------+

Top non-repeatable levels by time:
       D: 2844 daAuts
